 Dungeon Crawl Stone Soup version 0.29.1 (webtiles) character file.

Game seed: 15615941421118682133

2894 greasedhog the Cleaver (level 10, -4/74 HPs)
             Began as a Formicid Fighter on Sept 14, 2022.
             Was a Believer of Qazlal.
             Slain by Gastronok (21 damage)
             ... on level 9 of the Dungeon.
             The game lasted 00:06:24 (5764 turns).

greasedhog the Cleaver (Formicid Fighter)           Turns: 5764, Time: 00:06:26

Health: -4/74      AC:  8    Str: 25    XL:     10   Next: 5%
Magic:  14/14      EV: 11    Int:  8    God:    Qazlal [**....]
Gold:   270        SH:  8    Dex: 13    Spells: 9/9 levels left

rFire   . . .      SeeInvis +   a - +1 war axe
rCold   + . .      Faith    .   c - +0 buckler
rNeg    . . .      Spirit   .   b - +0 scale mail
rPois   .          Reflect  .   (helmet unavailable)
rElec   .          Harm     .   (no cloak)
rCorr   .          Rampage  .   r - +0 pair of gloves
Will    +....                   (no boots)
Stlth   ..........              (no amulet)
HPRegen 0.22/turn               k - ring of flight
MPRegen 0.14/turn               t - ring of protection from cold

@: flying
A: permanent stasis, dig shafts and tunnels, antennae 3, four strong arms
a: Dig, Shaft Self, Renounce Religion, Upheaval


You were on level 9 of the Dungeon.
You worshipped Qazlal.
Qazlal was pleased with you.
You visited 1 branch of the dungeon, and saw 7 of its levels.

You collected 270 gold pieces.

Inventory:

Hand Weapons
 a - a +1 war axe (weapon)
 y - a +0 flail
 A - a +1 flail of holy wrath
Missiles
 w - a throwing net (quivered)
Armour
 b - a +0 scale mail (worn)
 c - a +0 buckler (worn)
 r - a +0 pair of gloves (worn)
Jewellery
 k - a ring of flight (left hand)
 t - a ring of protection from cold (right hand)
Wands
 g - a wand of mindburst (17)
 m - a wand of roots (4)
 v - a wand of acid (11)
Scrolls
 f - a scroll of poison
 i - a scroll of vulnerability
 l - 3 scrolls of fear
 q - a scroll of magic mapping
 s - 2 scrolls of butterflies
 x - a scroll of amnesia
 B - a scroll of enchant armour {unknown}
 D - a scroll of enchant weapon
 E - 2 scrolls of torment
 F - a scroll of silence {unknown}
 H - a scroll of immolation {unknown}
Potions
 d - a potion of might
 e - 5 potions of haste {unknown}
 h - a potion of lignification {unknown}
 j - 2 potions of curing
 n - a potion of invisibility {unknown}
 o - a potion of ambrosia {unknown}
 p - 2 potions of magic {unknown}
 u - a potion of mutation {unknown}
 z - a potion of degeneration {unknown}
 C - 2 potions of flight {unknown}


   Skills:
 - Level 5.0 Fighting
 * Level 9.6 Axes
 - Level 5.0 Armour
 - Level 5.0 Dodging
 - Level 4.0 Shields
 * Level 6.3 Invocations


You had 9 spell levels left.
You didn't know any spells.
Your spell library contained the following spells:

 Spells                   Type           Power      Damage    Failure   Level
 Apportation              Tloc           0%         N/A       77%         1
 Necrotise                Necr           0%         1d4       77%         1
 Sandblast                Erth           0%         2d4       77%         1
 Summon Small Mammal      Summ           0%         N/A       77%         1
 Passwall                 Tmut/Erth      0%         N/A       88%         2
 Gell's Gravitas          Tloc           0%         N/A       98%         3
 Inner Flame              Hex/Fire       0%         N/A       98%         3
 Lesser Beckoning         Tloc           0%         N/A       98%         3
 Stone Arrow              Conj/Erth      0%         3d7       98%         3
 Teleport Other           Tloc           0%         N/A       98%         3
 Cause Fear               Hex            0%         N/A       100%        4
 Discord                  Hex            0%         N/A       100%        8


Dungeon Overview and Level Annotations

Branches:
Dungeon (6/15)             Temple (0/1) D:6

Altars:
Cheibriados
Makhleb
Qazlal
Vehumet
Wu Jian
The Shining One

Shops:
D:6 [

Annotations:
D:3 exclusion: statue
D:6 Eustachio
D:9 Gastronok


Innate Abilities, Weirdness & Mutations

You cannot be hasted, slowed, berserked, paralysed or teleported.
You can dig through walls and to a lower floor.
You have a pair of large antennae on your head. (SInv)
Your four strong arms can wield two-handed weapons with a shield.


Message History

You reach down and open the door.
A vampire comes into view.
You hear a horrible gurgling sound!
Gastronok the Ponderous comes into view.
Gastronok gurgles horribly!
The vampire barely misses you. You block the vampire's attack.
There is an open door here.
You hit the vampire.
The vampire is lightly damaged.
You block the vampire's attack.
The vampire bites you but does no damage.
You slash the vampire!
The vampire is severely damaged.
The vampire casts a spell at you.
You easily resist.
You hit the vampire.
The vampire is severely damaged.
You hit Gastronok but do no damage. The vampire draws life force from you!
The vampire is healed by the life force!
You hit the vampire.
The vampire is heavily damaged.
You hit Gastronok but do no damage.
The vampire hits you but does no damage.
The vampire barely misses you.
Gastronok waves his eye-stalks in wide circles.
The air twists around and strikes you!
Aiming: Corrosive Bolt
Press: ? - help, Shift-Dir - straight line, f - vampire
Aim: a vampire (heavily damaged, 71% to hit)
The bolt of acid hits the vampire!
The acid corrodes the vampire!
The vampire is almost destroyed.
The vampire hits you! The vampire closely misses you.
Unknown command.
You barely miss the vampire.
The vampire is almost destroyed.
You hit Gastronok. The vampire draws life force from you!!
* * * LOW HITPOINT WARNING * * *
The vampire is healed by the life force!
Gastronok bites you!!
You die...

#.........
+..................#
####.......... .......#{
.............. ......# {
............##+##.....#####
............#...#..........
............#...#..........
)...........#..w#.......?..
.####.......#..V@ยง......#
.# #.......#####....#### .#
#................# .#
################## ##


You could see Gastronok and a vampire (corroded).

Vanquished Creatures
  A two-headed ogre (D:9)
  Grinder (D:6)
  Menkaure (D:4)
  Edmund (D:6)
  Duvessa (D:4)
  A black bear (D:5)
  2 ice beasts (D:5)
  4 ogres
  A bullfrog (D:6)
  A necrophage (D:5)
  4 scorpions
  Dowan (D:4)
  A hound (D:5)
  A jelly (D:6)
  Jessica (D:2)
  5 iguanas
  An orc wizard (D:4)
  Robin (D:2)
  7 adders
  6 gnolls
  A shadow imp (D:5)
  A white imp (D:5)
  An ufetubus (D:5)
  An adder skeleton (D:2)
  2 worms
  A dart slug (D:4)
  16 orcs
  A bat zombie (D:2)
  6 endoplasms
  5 giant cockroaches
  15 goblins
  5 hobgoblins
  6 jackals
  2 quokkas
  8 ball pythons
  4 bats
  6 frilled lizards
  A giant cockroach zombie (D:2)
  11 kobolds
  A quokka skeleton (D:2)
  A quokka zombie (D:2)
  10 rats
147 creatures vanquished.

Vanquished Creatures (collateral kills)
  A troll (D:9)
1 creature vanquished.

Vanquished Creatures (others)
  A plant (D:4)
  3 withered plants (D:2)
4 creatures vanquished.

Grand Total: 152 creatures vanquished

Notes
Turn   | Place    | Note
-------+----------+-------------------------------------------
     0 | D:1      | greasedhog the Formicid Fighter began the quest for the
                  | Orb.
     0 | D:1      | Reached XP level 1. HP: 18/18 MP: 1/1
   267 | D:1      | Reached XP level 2. HP: 24/24 MP: 2/2
   968 | D:2      | Reached XP level 3. HP: 30/30 MP: 3/3
  1191 | D:2      | Reached skill level 3 in Axes
  1209 | D:2      | Noticed Jessica
  1217 | D:2      | Killed Jessica
  1218 | D:2      | Reached XP level 4. HP: 27/38 MP: 4/4
  1657 | D:2      | Noticed Robin
  1661 | D:2      | Killed Robin
  1662 | D:2      | Reached XP level 5. HP: 43/43 MP: 5/5
  1769 | D:2      | Found a faded altar of an unknown god.
  1776 | D:2      | Prayed at the altar of an unknown god.
  1776 | D:2      | Became a worshipper of Qazlal Stormbringer
  1776 | D:2      | Reached * piety under Qazlal
  1997 | D:3      | Found a radiant altar of Vehumet.
  1997 | D:3      | Noticed a charred statue
  2569 | D:4      | Reached skill level 5 in Fighting
  2625 | D:4      | Noticed Menkaure
  2628 | D:4      | Killed Menkaure
  2629 | D:4      | Reached skill level 4 in Axes
  2629 | D:4      | Reached XP level 6. HP: 48/51 MP: 6/6
  3063 | D:4      | Found a snail-covered altar of Cheibriados.
  3063 | D:4      | Found a glowing golden altar of the Shining One.
  3064 | D:4      | Found an ornate altar of the Wu Jian Council.
  3154 | D:4      | Noticed Duvessa
  3155 | D:4      | Noticed Dowan
  3163 | D:4      | Killed Duvessa
  3164 | D:4      | Reached skill level 5 in Axes
  3164 | D:4      | Reached skill level 5 in Armour
  3164 | D:4      | Reached XP level 7. HP: 40/56 MP: 7/7
  3166 | D:4      | Killed Dowan
  3347 | D:4      | Reached skill level 1 in Dodging
  3506 | D:4      | Reached ** piety under Qazlal
  3852 | D:4      | Reached skill level 6 in Axes
  3855 | D:4      | Reached XP level 8. HP: 24/62 MP: 8/8
  4252 | D:5      | Entered Level 5 of the Dungeon
  4455 | D:5      | Reached skill level 7 in Axes
  4694 | D:5      | Found a burning altar of Makhleb.
  4991 | D:5      | Reached *** piety under Qazlal
  4992 | D:5      | Reached XP level 9. HP: 52/68 MP: 9/9
  4995 | D:5      | Reached skill level 5 in Dodging
  5076 | D:6      | Reached skill level 8 in Axes
  5076 | D:6      | Reached skill level 1 in Invocations
  5172 | D:6      | Found a staircase to the Ecumenical Temple.
  5177 | D:6      | Noticed Grinder
  5185 | D:6      | Killed Grinder
  5344 | D:6      | Found Muziarch's Armour Shop.
  5355 | D:6      | Noticed Edmund
  5368 | D:6      | Killed Edmund
  5454 | D:6      | Noticed Eustachio
  5501 | D:6      | HP: 3/68 [quasit[Eustachio] (2)]
  5506 | D:6      | You are sucked into a shaft and drop 3 floors!
  5510 | D:9      | Noticed a troll
  5514 | D:9      | Noticed a two-headed ogre
  5521 | D:9      | Killed a troll
  5522 | D:9      | Reached skill level 9 in Axes
  5524 | D:9      | Killed a two-headed ogre
  5525 | D:9      | Reached XP level 10. HP: 28/74 MP: 5/14
  5758 | D:9      | Noticed Gastronok
  5764 | D:9      | Slain by Gastronok

Illustrated notes

Levels and vault maps discovered:
D:1:      elethiomel_arrival_maze, layout_loops_cross
D:2:      layout_basic, serial_undead, serial_undead_c, serial_undead_f,
          serial_undead_b, serial_undead_d, dilly_ecumenical_altar_fadedgnrine,
          uniq_robin, uniq_jessica
D:3:      layout_basic, vehumet_statue, chequers_decorated_corner
D:4:      corexii_shantytown, layout_basic, gammafunk_temple_overflow_claw,
          uniq_duvessa, uniq_menkaure
D:5:      layout_cave_pools, mainiacjoe_overflow_catwalk
D:6:      layout_rooms, mainiacjoe_overflow_surrounded_room,
          minmay_temple_entry_drinking_statues, serial_shops,
          nicolae_shop_statue_plus, palyth_stone_intersect, st_stairs_13,
          uniq_grinder, uniq_edmund, uniq_eustachio
D:9:      layout_irregular_city, mainiacjoe_overflow_alcove_2,
          minmay_orc_entry_temple_small, laboratory, uniq_gastronok

Skill      XL: |  1  2  3  4  5  6  7  8  9 |
---------------+----------------------------+-----
Fighting       | 4 5 |  5.0
Axes           | 3 4 5 6 7 9 |  9.6
Armour         | 4 5 |  5.0
Dodging        | 2 4 5 |  5.0
Invocations    | 6 |  6.3
Shields        | |  4.0

Action                   |  1- 3 |  4- 6 |  7- 9 | 10-12 || total
-------------------------+-------+-------+-------+-------++-------
Melee: War axe           |    96 |   123 |   199 |     5 ||   423
Invok: Upheaval          |       |       |     1 |       ||     1
       Elemental Force   |       |       |     1 |       ||     1
 Abil: Shaft Self        |       |       |     1 |       ||     1
Evoke: Wand              |       |       |     1 |     1 ||     2
  Use: Scroll            |     2 |     2 |     6 |       ||    10
       Potion            |       |       |     4 |       ||     4
 Stab: Paralysed         |       |       |     1 |       ||     1
Armor: Scale mail        |    52 |    42 |   106 |     2 ||   202
Dodge: Dodged            |    48 |    53 |   118 |     3 ||   222
Block: Buckler           |    27 |    31 |   112 |     2 ||   172
